[Event "Team 45 45 League T75"]
[Site "Internet Chess Club"]
[Date "2018.01.20"]
[Round "5"]
[White "tamky70"]
[Black "smsxman"]
[Result "0-1"]
[WhiteElo "1283"]
[BlackElo "1360"]
[Opening "English opening"]
[ECO "A10"]
[Time "11:01:02"]
[TimeControl "2700+45"]

1. c4 d5 2. cxd5 Qxd5 3. Nc3 Qd8 4. g3 Nc6 5. Bg2 Bd7 6. d3 Nf6 7. Nf3 e6 8. O-O
Be7 9. Bf4 O-O 10. Ne5 Rb8 11. Nxd7 Qxd7 12. a3 e5 13. Be3 a6 14. Na4 Nd4 15.
Nc3 a5 16. Ne4 a4 17. Rb1 b5 18. h3 Rfd8 19. Bg5 Qe6 20. Be3 Nb3 21. Qc2 Rdc8
22. Bf3 Nxe4 23. dxe4 Qxh3 24. Bg2 Qd7 25. Rbd1 Qe8 26. Rd5 Bd6 27. Rfd1 Qe7 28.
Qc6 Qe8 29. Qc2 Qe7 30. Qc6 Qe8 31. Qc2 Qe7 32. Kh2 Qe6 33. Bh3 Qg6 34. Bxc8
Rxc8 35. Qc6 Rb8 36. Ba7 Rf8 37. Rxb5 Qh5+ 38. Kg2 Qxe2 39. Rxd6 cxd6 40. Rb4
Nd2 41. Qc3 Nxe4 42. Qe3 Qxe3 43. Bxe3 Nc5 44. Bxc5 dxc5 45. Rxa4 f6 46. Rc4 Rb8
47. Rc2 h6 48. a4 Rb4 49. a5 Rb5 50. a6 Ra5 51. a7 Rxa7 52. Rxc5 Rb7 53. Rc2 Kf7
54. Kf3 Ke6 55. Ke2 Kd5 56. Rd2+ Kc4 57. Kd1 Kb3 58. Kc1 Rc7+ 59. Kb1 Rc6 60.
Rd3+ Kb4 61. f3 g5 62. Ka2 Ra6+ 63. Kb1 Kc4 64. Re3 Rd6 65. Kc2 h5 66. Rc3+ Kb5
67. Re3 Rd4 68. Rb3+ Kc5 69. Re3 h4 70. gxh4 Rxh4 71. b3 Kb4 72. Rc3 Rd4 73. Re3
g4 74. Rc3 f5 75. fxg4 Rxg4 76. Rf3 f4 77. Rc3 Rg2+ 78. Kd3 Rg3+ 79. Ke4 Rxc3
{White resigns} 0-1

[Event "Team 45 45 League T75"]
[Site "Internet Chess Club"]
[Date "2018.01.19"]
[Round "5"]
[White "Constrictor"]
[Black "RonaldoR"]
[Result "1/2-1/2"]
[WhiteElo "1564"]
[BlackElo "1577"]
[Opening "Queen's pawn game"]
[ECO "E10"]
[Time "18:01:54"]
[TimeControl "2700+45"]

1. Nf3 e6 2. d4 Nf6 3. c4 d5 4. g3 dxc4 5. Qa4+ c6 6. Qxc4 b5 7. Qd3 Bb7 8. Bg2
Nbd7 9. O-O a6 10. Bg5 Be7 11. Nbd2 O-O 12. Rac1 Rc8 13. Rfd1 c5 14. dxc5 Nxc5
15. Qxd8 Rfxd8 16. Ne5 Bxg2 17. Kxg2 Nd5 18. Bxe7 Nxe7 19. Ndf3 Rxd1 20. Rxd1 f6
{Game drawn by mutual agreement} 1/2-1/2

[Event "Team 45 45 League T75"]
[Site "Internet Chess Club"]
[Date "2018.01.20"]
[Round "5"]
[White "liujf"]
[Black "crazyhorses"]
[Result "1-0"]
[WhiteElo "1486"]
[BlackElo "1335"]
[Opening "Ruy Lopez: closed, Breyer, Borisenko variation"]
[ECO "C95"]
[Time "10:01:41"]
[TimeControl "2700+45"]

1. e4 e5 2. Nf3 Nc6 3. Bb5 a6 4. Ba4 Nf6 5. O-O b5 6. Bb3 Be7 7. Re1 d6 8. h3
O-O 9. c3 Nb8 10. d4 Nbd7 11. a4 Bb7 12. Nbd2 Re8 13. Ng5 Rf8 14. Qe2 c6 15. Nf1
h6 16. Nf3 Re8 17. Ng3 Bf8 18. Qd3 g6 19. Bd2 Qe7 20. Nh4 Kh7 21. Nf3 Nb6 22.
Be3 Qc7 23. dxe5 dxe5 24. Bxb6 Qxb6 25. Bxf7 Re7 26. Bb3 Rd8 27. Qe3 Red7 {Black
resigns} 1-0

[Event "Team 45 45 League T75"]
[Site "Internet Chess Club"]
[Date "2018.01.20"]
[Round "5"]
[White "oldprez1"]
[Black "Pawnchain"]
[Result "0-1"]
[WhiteElo "1258"]
[BlackElo "1434"]
[Opening "English opening"]
[ECO "A17"]
[Time "10:00:27"]
[TimeControl "2700+45"]

1. c4 Nf6 2. Nc3 e6 3. g3 d5 4. cxd5 exd5 5. Bg2 c6 6. Nf3 Bf5 7. O-O d4 8. e4
dxe3 9. dxe3 Nbd7 10. Re1 Be7 11. e4 Bg4 12. Be3 O-O 13. e5 Bxf3 14. Bxf3 Nxe5
15. Bg2 Qa5 16. Bf4 Ng6 17. Bd2 Rad8 18. Ne4 Qf5 19. Nxf6+ Bxf6 20. Rb1 Ne5 21.
Be4 Qh3 22. Bg2 Qf5 23. Be4 Qc8 24. Qc2 g6 25. Bh6 Rfe8 26. Be3 Ng4 27. Bxa7 Qa8
28. Bb6 Rd6 29. a3 Rde6 30. f3 Ne5 31. f4 Nf3+ 32. Bxf3 Rxe1+ 33. Rxe1 Rxe1+ 34.
Kg2 Qa6 35. Bf2 Qf1# {White checkmated} 0-1

[Event "Team 45 45 League T75"]
[Site "Internet Chess Club"]
[Date "2018.01.23"]
[Round "5"]
[White "QuimCatala"]
[Black "PsyMar"]
[Result "0-1"]
[WhiteElo "1170"]
[BlackElo "1316"]
[Opening "Queen's pawn game"]
[ECO "D00"]
[Time "11:00:27"]
[TimeControl "2700+45"]

1. d4 d5 2. f4 Bf5 3. Nc3 e6 4. a3 c5 5. e3 cxd4 6. Qxd4 Bxc2 7. Nf3 Nc6 8. Bb5
a6 9. Bxc6+ bxc6 10. Ne5 c5 11. Qd2 Bg6 12. O-O Nf6 13. Qd1 d4 14. exd4 cxd4 15.
Qa4+ Nd7 16. Qxd4 Bc5 17. Be3 Bxd4 18. Bxd4 Nxe5 19. Bxe5 O-O 20. Rad1 Qb6+ 21.
Kh1 Bc2 22. Rd2 Bb3 23. Bd4 Qc6 24. Rf3 Bd5 25. Rg3 g6 26. Bf6 Rfe8 27. h4 h5
28. Rgd3 Bc4 29. Rd6 Qc5 30. Ne4 Qf5 31. Bg5 Qxe4 32. R2d4 Qe1+ 33. Kh2 Bd5 34.
f5 Qe5+ 35. Kh1 Qxd4 36. fxe6 Rxe6 37. Rd7 {White resigns} 0-1

[Event "Team 45 45 League T75"]
[Site "Internet Chess Club"]
[Date "2018.01.21"]
[Round "5"]
[White "az2112"]
[Black "kabindra"]
[Result "0-1"]
[WhiteElo "1588"]
[BlackElo "1737"]
[Opening "QP counter-gambit (elephant gambit)"]
[ECO "C40"]
[Time "11:21:15"]
[TimeControl "2700+45"]

1. e4 e5 2. Nf3 d5 3. exd5 e4 4. Nd4 Qxd5 5. c3 a6 6. d3 c5 7. dxe4 Qxe4+ 8. Qe2
Nf6 9. Nf3 Bd6 10. Bg5 Qxe2+ 11. Bxe2 Ne4 12. Be3 O-O 13. Nbd2 Nxd2 14. Nxd2 Bf5
15. O-O Nc6 16. Nc4 Be7 17. Bf3 Bd3 18. Nb6 Rad8 19. Rfd1 c4 20. Nd5 Bd6 21. Nf4
Bxf4 22. Bxf4 Rc8 23. Rd2 b5 24. Rad1 Rfe8 25. Bg4 f5 26. Bh5 g6 27. Bf3 Kg7 28.
b3 Re7 29. h3 h6 30. Be3 g5 31. g3 Kg6 32. bxc4 bxc4 33. Rb2 Rb8 34. Rdd2 Ne5
35. Bg2 Rf8 36. Bc5 Ref7 37. Bxf8 Rxf8 38. Rb6+ Kg7 39. Rxa6 f4 40. gxf4 gxf4
41. Re6 Rf5 42. a4 Rg5 43. Kh1 f3 44. Rxe5 fxg2+ 45. Kg1 Rxe5 46. Kxg2 Ra5 47.
Ra2 Kf6 {White resigns} 0-1

[Event "Team 45 45 League T75"]
[Site "Internet Chess Club"]
[Date "2018.01.23"]
[Round "5"]
[White "drsigmund1"]
[Black "joaoazm"]
[Result "1/2-1/2"]
[WhiteElo "1486"]
[BlackElo "1440"]
[Opening "Queen's pawn: London system"]
[ECO "A45"]
[Time "19:30:32"]
[TimeControl "2700+45"]

1. d4 Nf6 2. Bf4 d5 3. e3 c5 4. c3 Qb6 5. Qb3 Qxb3 6. axb3 cxd4 7. exd4 Bf5 8.
Na3 Na6 9. Nb5 Nh5 10. Be3 Kd8 11. Be2 Nf6 12. Nf3 h6 13. Ne5 Be6 14. f4 g6 15.
g4 Rh7 16. O-O Bc8 17. f5 gxf5 18. gxf5 h5 19. c4 h4 20. c5 Ne4 21. c6 f6 22.
Ng6 Bh6 23. Bxh6 Rxh6 24. c7+ Nxc7 25. Nxc7 Kxc7 26. Nxe7 Bd7 27. Nxd5+ Kd6 28.
Nc3 Rg8+ 29. Kh1 Bc6 30. d5 Nxc3 31. bxc3 Bxd5+ 32. Bf3 Bxf3+ 33. Rxf3 a6 34.
Rd1+ Kc7 {Game drawn by mutual agreement} 1/2-1/2

[Event "Team 45 45 League T75"]
[Site "Internet Chess Club"]
[Date "2018.01.22"]
[Round "5"]
[White "seattleblues"]
[Black "Andaluz"]
[Result "1-0"]
[WhiteElo "1387"]
[BlackElo "1262"]
[Opening "QGD Slav: 4.Nc3"]
[ECO "D15"]
[Time "05:05:50"]
[TimeControl "2700+45"]

1. d4 Nf6 2. Nf3 c6 3. c4 d5 4. Nc3 Bf5 5. e3 Ne4 6. Be2 e6 7. O-O Nxc3 8. bxc3
Be7 9. Re1 O-O 10. cxd5 cxd5 11. Bf1 Nd7 12. c4 Rc8 13. cxd5 exd5 14. Nd2 Nf6
15. Bb2 Rc2 16. Bc1 Qc7 17. Nb3 b6 18. g3 Rc8 19. Bd2 Bg4 20. f3 Bf5 21. Rc1 h6
22. Ba6 Rd8 23. Rxc2 Qxc2 24. Qxc2 Bxc2 25. Rc1 Bf5 26. g4 Bd7 27. Rc7 Ra8 28.
Bb7 Rb8 29. Bxd5 Bd6 30. Rxa7 {Black forfeits on time} 1-0

[Event "Team 45 45 League T75"]
[Site "Internet Chess Club"]
[Date "2018.01.21"]
[Round "5"]
[White "Brazuka"]
[Black "jmd1490"]
[Result "1/2-1/2"]
[WhiteElo "1050"]
[BlackElo "1233"]
[Opening "Ruy Lopez: old Steinitz defense"]
[ECO "C62"]
[Time "12:02:02"]
[TimeControl "2700+45"]

1. e4 e5 2. Nf3 Nc6 3. Bb5 d6 4. c3 Bd7 5. O-O Be7 6. Re1 a6 7. Ba4 b5 8. Bb3
Nf6 9. d4 O-O 10. Nbd2 h6 11. Nf1 Bg4 12. h3 Bh5 13. Ng3 Bg6 14. dxe5 dxe5 15.
Qxd8 Raxd8 16. Nh4 Bh7 17. Nhf5 Bc5 18. Be3 Bxe3 19. Rxe3 Na5 20. Rf3 Rd2 21.
Nf1 Rxb2 22. g4 Nxb3 23. axb3 Rxb3 24. Rxa6 Nxe4 25. Rc6 Bxf5 26. Rxf5 Rxc3 27.
Rxc3 Nxc3 28. Rxe5 Rb8 29. Rc5 b4 30. Rxc7 Ne2+ 31. Kh1 b3 32. Nd2 Nd4 33. Rc1
b2 34. Rb1 Nc2 35. Nc4 Rb3 36. Rxb2 Rxh3+ 37. Kg2 Rc3 38. Rb8+ Kh7 39. Nd6 Kg6
40. Rb6 f6 41. f4 Nd4 42. f5+ Kg5 43. Ne4+ Kxg4 44. Nxc3 Kxf5 45. Rb7 g5 46. Rd7
Ne6 47. Rd1 Nf4+ 48. Kg3 h5 49. Nd5 h4+ 50. Kh2 Nh5 {Game drawn by mutual
agreement} 1/2-1/2

[Event "Team 45 45 League T75"]
[Site "Internet Chess Club"]
[Date "2018.01.20"]
[Round "5"]
[White "g8wrb"]
[Black "mongmong"]
[Result "0-1"]
[WhiteElo "1387"]
[BlackElo "1453"]
[Opening "French: Tarrasch"]
[ECO "C03"]
[Time "06:09:23"]
[TimeControl "2700+45"]

1. d4 e6 2. e4 d5 3. Nd2 h6 4. c3 Nf6 5. e5 Nfd7 6. f4 c5 7. Bd3 Nc6 8. Ndf3 Qb6
9. Ne2 Qc7 10. f5 exf5 11. Bxf5 Nb6 12. Bc2 Be6 13. O-O O-O-O 14. Bf4 Be7 15. a4
cxd4 16. cxd4 Kb8 17. b3 g5 18. Bg3 h5 19. Qd2 Rdg8 20. a5 Nc8 21. a6 b6 22.
Rfc1 Qd7 23. Rcb1 h4 24. Be1 g4 25. Nxh4 Bxh4 26. b4 Bxe1 27. Qxe1 N8e7 28. Ba4
Qd8 29. g3 Ka8 30. Qc3 Bd7 31. Nf4 Nb8 32. Bd1 Bb5 33. Be2 Bxe2 34. Nxe2 Qd7 35.
Ra2 Rc8 36. Qb3 Rc4 37. Rf1 Nec6 38. Nc3 Nxd4 39. Qa3 Rhc8 40. Na4 Nb5 41. Qd3
Nc3 42. Nxb6+ axb6 43. Ra3 Nb5 44. Ra2 Ka7 45. Rf6 R8c6 46. Rf4 Qc7 47. Qxd5
Rxf4 48. gxf4 Nc3 {White resigns} 0-1

[Event "Team 45 45 League T75"]
[Site "Internet Chess Club"]
[Date "2018.01.19"]
[Round "5"]
[White "Toalla"]
[Black "PsyMar"]
[Result "0-1"]
[WhiteElo "1230"]
[BlackElo "1306"]
[Opening "QGD Slav: Czech defense"]
[ECO "D17"]
[Time "14:01:24"]
[TimeControl "2700+45"]

1. d4 d5 2. c4 c6 3. Nf3 Nf6 4. Nc3 dxc4 5. a4 Bf5 6. Nh4 e6 7. Nxf5 exf5 8. e3
Bb4 9. Bxc4 a5 10. Bd2 O-O 11. O-O Nbd7 12. Re1 Re8 13. Qc2 Ne4 14. f3 Nxd2 15.
Qxd2 c5 16. Qc2 f4 17. exf4 Rxe1+ 18. Rxe1 cxd4 19. Qf5 Nf6 20. Rd1 Rc8 21. Rxd4
Qxd4+ 22. Kh1 Qxc4 {White resigns} 0-1

[Event "Team 45 45 League T75"]
[Site "Internet Chess Club"]
[Date "2018.01.22"]
[Round "5"]
[White "stantheman59"]
[Black "tasawyer81"]
[Result "1-0"]
[WhiteElo "1227"]
[BlackElo "1133"]
[Opening "Queen's pawn game"]
[ECO "D00"]
[Time "19:02:02"]
[TimeControl "2700+45"]

1. d4 d5 2. g3 Nf6 3. Bg5 Nbd7 4. c3 c6 5. Bh3 Ne4 6. Bf4 Ndf6 7. Bxc8 Rxc8 8.
Nd2 e6 9. e3 Be7 10. Be5 O-O 11. Bxf6 Bxf6 12. Nxe4 dxe4 13. Ne2 Qd5 14. Qb3 Qh5
15. Nf4 Qf3 16. O-O b5 17. Qd1 Qxd1 18. Rfxd1 c5 19. dxc5 Rxc5 20. Rd7 a5 21.
Ne2 h5 22. Rb1 h4 23. g4 Rg5 24. h3 Be5 25. Rb7 f5 26. Rxb5 fxg4 27. hxg4 Bh2+
28. Kxh2 Rxb5 29. Nf4 Rg5 30. Nxe6 Rxf2+ 31. Kg1 Rxg4+ 32. Kxf2 h3 33. Nf4 h2
34. Rh1 {Black resigns} 1-0

[Event "Team 45 45 League T75"]
[Site "Internet Chess Club"]
[Date "2018.01.22"]
[Round "5"]
[White "WzeroMN"]
[Black "rhayder"]
[Result "0-1"]
[WhiteElo "1152"]
[BlackElo "1169"]
[Opening "Ruy Lopez: closed, 9.d4"]
[ECO "C91"]
[Time "13:01:14"]
[TimeControl "2700+45"]

1. e4 e5 2. Nf3 Nc6 3. Bb5 a6 4. Ba4 Nf6 5. O-O Be7 6. Re1 b5 7. Bb3 O-O 8. c3
d6 9. d4 Na5 10. Bc2 Nc6 11. b4 Bg4 12. Re3 a5 13. Qd3 Bxf3 14. Rxf3 axb4 15.
Qxb5 Qd7 16. cxb4 Nxd4 17. Qxd7 Nxd7 18. Nd2 Nxc2 19. Rc3 Nxa1 20. Rxc7 Rfd8 21.
a3 Rac8 22. Rxc8 Rxc8 23. Bb2 Nc2 24. Nb3 Nd4 25. Bxd4 exd4 26. f3 d3 27. Kf1
Rc3 28. Nd2 Rxa3 29. Kf2 Bg5 30. Nb1 Ra2+ 31. Ke1 Ra1 32. g4 Rxb1+ 33. Kf2 d2
34. Ke2 d1=Q+ 35. Kf2 Bh4+ 36. Ke3 Qc1+ 37. Kd4 Rxb4+ 38. Kd3 Qc4+ 39. Ke3 Qc1+
40. Kd3 Nc5+ 41. Ke2 Qc3 42. Kf1 Qc2 {White resigns} 0-1

[Event "Team 45 45 League T75"]
[Site "Internet Chess Club"]
[Date "2018.01.19"]
[Round "5"]
[White "Brazuka"]
[Black "guyd52"]
[Result "0-1"]
[WhiteElo "1042"]
[BlackElo "1318"]
[Opening "Pirc: classical system, 5.Be2"]
[ECO "B07"]
[Time "18:04:24"]
[TimeControl "2700+45"]

1. e4 d6 2. Nf3 g6 3. Be2 Bg7 4. d4 Nf6 5. Nc3 Nbd7 6. h3 O-O 7. Be3 e5 8. Qd2
exd4 9. Nxd4 Re8 10. Bd3 Ne5 11. O-O-O a6 12. f4 Nxd3+ 13. Qxd3 Bd7 14. f5 Nh5
15. Bd2 Bxd4 16. Qxd4 Qf6 17. Qxf6 Nxf6 18. fxg6 hxg6 19. Rde1 Bc6 20. Nd5 Nxd5
21. exd5 Bxd5 22. Rxe8+ Rxe8 23. Re1 Rxe1+ 24. Bxe1 Bxg2 25. h4 Kg7 26. Bd2 Kf6
27. Bg5+ Kf5 28. Bd8 c6 29. b4 d5 30. a4 f6 31. Kd2 Bf3 32. Ke3 Bh5 33. Kd4 g5
34. hxg5 fxg5 35. Kc5 Bd1 36. a5 Bxc2 37. Kb6 d4 38. Kxb7 d3 39. Kxa6 d2 40. Kb6
d1=Q 41. Bc7 Qd4+ 42. Kb7 Qxb4+ 43. Kc8 Bd3 {White resigns} 0-1

[Event "Team 45 45 League T75"]
[Site "Internet Chess Club"]
[Date "2018.01.19"]
[Round "5"]
[White "Aquaman"]
[Black "olivermx"]
[Result "1/2-1/2"]
[WhiteElo "1252"]
[BlackElo "1281"]
[Opening "Queen's pawn, Mason variation"]
[ECO "D00"]
[Time "21:10:00"]
[TimeControl "2700+45"]

1. d4 d5 2. Bf4 Nf6 3. e3 e6 4. Nf3 c5 5. c3 Be7 6. Nbd2 O-O 7. Ne5 Nbd7 8. Ndf3
b6 9. Nc6 Qe8 10. Nxe7+ Qxe7 11. Bd3 Bb7 12. O-O cxd4 13. cxd4 Rfc8 14. Rc1 Rxc1
15. Qxc1 Rc8 16. Qb1 h6 17. h3 Nb8 18. Rc1 Qe8 19. Ne5 Nfd7 20. Bb5 a6 21. Bd3
Nxe5 22. Bxe5 Nd7 23. Bf4 Rxc1+ 24. Qxc1 Qc8 {Game drawn by mutual agreement}
1/2-1/2

[Event "Team 45 45 League T75"]
[Site "Internet Chess Club"]
[Date "2018.01.22"]
[Round "5"]
[White "SeniorCitizen"]
[Black "GiantsFan"]
[Result "1-0"]
[WhiteElo "1282"]
[BlackElo "1101"]
[Opening "Danish gambit"]
[ECO "C21"]
[Time "17:00:31"]
[TimeControl "2700+45"]

1. e4 e5 2. d4 exd4 3. c3 dxc3 4. Bc4 Nc6 5. Nf3 cxb2 6. Bxb2 f6 7. O-O Bc5 8.
e5 d6 9. exf6 Nxf6 10. Re1+ Ne7 11. Ng5 Rf8 12. Ba3 Bxa3 13. Nxa3 h6 14. Ne6
Bxe6 15. Bxe6 c6 16. Nc4 d5 17. Ne5 Qd6 18. Nc4 Qc5 19. Ne3 Ne4 20. f3 Qd6 21.
fxe4 Qxe6 22. exd5 Nxd5 23. Nxd5 cxd5 24. Qxd5 Qe7 25. Rxe7+ Kxe7 26. Re1+ Kf6
27. Rf1+ Kg6 28. Qd6+ Kh7 29. Rxf8 Rxf8 30. Qxf8 b5 31. Qf5+ g6 32. Qxb5 Kg7 33.
Qb7+ Kf6 34. Qxa7 g5 35. Qe3 Kg6 36. a4 Kh5 37. a5 Kg6 38. a6 Kg7 39. Qe6 Kh7
40. Qf5+ Kg7 41. a7 h5 42. Qxg5+ Kf7 43. Qxh5+ Ke6 44. Qe5+ Kd7 45. Qd6+ Kxd6
46. h4 Ke6 47. g4 Ke5 48. h5 Kf6 49. g5+ Kxg5 50. h6 Kxh6 51. a8=R Kg6 52. Ra5
Kf6 53. Kf2 Ke6 54. Ke3 Kd6 55. Kd4 Kc6 56. Rh5 Kb6 57. Kc4 Kc6 58. Rh6+ Kd7 59.
Kd5 Ke7 60. Ke5 Kf7 61. Kf5 Kg7 62. Ra6 Kh7 63. Kg5 Kg7 64. Ra7+ Kf8 65. Kf6 Ke8
66. Rb7 Kd8 67. Ke6 Kc8 68. Rh7 Kd8 69. Rg7 Kc8 70. Kd6 Kb8 71. Kc6 Ka8 72. Kb6
Kb8 73. Rg8# {Black checkmated} 1-0

[Event "Team 45 45 League T75"]
[Site "Internet Chess Club"]
[Date "2018.01.22"]
[Round "5"]
[White "RobertBuice"]
[Black "oldbookseller"]
[Result "1-0"]
[WhiteElo "1043"]
[BlackElo "982"]
[Opening "QGD: 4.Nf3"]
[ECO "D37"]
[Time "18:00:41"]
[TimeControl "2700+45"]

1. d4 d5 2. c4 e6 3. Nc3 Nf6 4. Nf3 Nbd7 5. Bf4 Be7 6. e3 O-O 7. Bd3 b6 8. Nb5
Ba6 9. Nxc7 Rc8 10. Nxa6 b5 11. c5 Qa5+ 12. Qd2 Qxa6 13. O-O Qb7 14. b4 Qc6 15.
Ne5 Qb7 16. c6 Qc7 17. cxd7 Nxd7 18. Ng6 Bd6 19. Rac1 Qd8 20. Bxd6 Nf6 21. Ne7+
{Black resigns} 1-0

[Event "Team 45 45 League T75"]
[Site "Internet Chess Club"]
[Date "2018.01.22"]
[Round "5"]
[White "seattleblues"]
[Black "dabodhi"]
[Result "0-1"]
[WhiteElo "1368"]
[BlackElo "1336"]
[Opening "King's Indian, 3.Nf3"]
[ECO "E61"]
[Time "20:01:04"]
[TimeControl "2700+45"]

1. d4 Nf6 2. Nf3 g6 3. c4 Bg7 4. Nc3 d6 5. Bf4 Nfd7 6. e3 O-O 7. h3 e5 8. dxe5
dxe5 9. Bh2 Qe7 10. Bd3 c6 11. O-O Nb6 12. Be2 Bf5 13. e4 Bc8 14. Qc2 N8d7 15.
Rad1 a5 16. b3 Qc5 17. Ne1 Qe7 18. Nd3 Nc5 19. Rd2 f5 20. Bf3 Ne6 21. Nxe5 Ng5
22. Nd3 Nxf3+ 23. gxf3 fxe4 24. fxe4 Bxh3 25. Re1 Qg5+ 26. Bg3 h5 27. Kh2 Bg4
28. Rg1 Rf3 29. Nd1 h4 30. Bc7 Rh3+ 31. Kg2 Bf3+ 32. Kf1 Rh2 33. Ne3 Qxg1+ 34.
Kxg1 Rh1# {White checkmated} 0-1

[Event "Team 45 45 League T75"]
[Site "Internet Chess Club"]
[Date "2018.01.18"]
[Round "5"]
[White "Balderdash"]
[Black "rkjulianjr"]
[Result "1-0"]
[WhiteElo "1276"]
[BlackElo "1273"]
[Opening "Danish gambit: Sorensen defense"]
[ECO "C21"]
[Time "20:05:37"]
[TimeControl "2700+45"]

1. e4 e5 2. d4 exd4 3. c3 d5 4. Qxd4 dxe4 5. Bb5+ c6 6. Qe5+ Qe7 7. Qxe7+ Bxe7
8. Bc4 Nf6 9. Ne2 O-O 10. Ng3 Re8 11. O-O Nbd7 12. Nd2 Bc5 13. b4 Bb6 14. Re1 e3
15. fxe3 Bxe3+ 16. Kh1 Ng4 17. Nde4 Nf2+ 18. Nxf2 Nf6 19. Bxe3 Bd7 20. Rad1 a5
21. Bg5 b5 22. Bxf6 bxc4 23. Rxe8+ Bxe8 24. Be7 Ra7 25. Re1 f6 26. Bc5 Ra8 27.
Nf5 axb4 28. Bxb4 Rxa2 29. Rxe8+ Kf7 30. Re7+ Kg6 31. Nh4+ Kh5 32. Nf3 Rxf2 33.
Rxg7 Rf1+ 34. Ng1 Rc1 35. Rxh7+ Kg6 36. Rc7 f5 37. Rxc6+ Kg5 38. Rxc4 f4 39. h3
Kf5 40. Kh2 Rd1 41. Nf3 Rd3 42. Nd4+ Ke5 43. Nf3+ Kf5 44. Nh4+ Kg5 45. Be7+ Kh5
46. Rc5+ Kh6 47. Bg5+ Kh5 48. Bxf4+ Kxh4 49. Bg5+ Kh5 50. h4 Kg4 51. Rc4+ Kh5
52. g4+ Kg6 53. Rc6+ Kf7 54. Rf6+ Kg7 55. Rc6 Rf3 56. h5 Rd3 57. h6+ Kh7 58. c4
Ra3 59. c5 Ra2+ 60. Kg3 Re2 61. Rd6 Rc2 62. c6 Rc5 63. Kh4 Rc4 64. Kh5 Rc5 65.
Rd7+ Kh8 66. c7 Kg8 67. Kg6 Rc6+ 68. Kh5 Kh8 69. Bf6+ Kg8 70. Kg6 {Black
resigns} 1-0

[Event "Team 45 45 League T75"]
[Site "Internet Chess Club"]
[Date "2018.01.19"]
[Round "5"]
[White "oldprez1"]
[Black "Just-Jim"]
[Result "1-0"]
[WhiteElo "1267"]
[BlackElo "1279"]
[Opening "English: symmetrical variation"]
[ECO "A34"]
[Time "19:01:21"]
[TimeControl "2700+45"]

1. c4 c5 2. Nc3 Nf6 3. g3 d5 4. cxd5 Nxd5 5. Bg2 Nxc3 6. bxc3 f5 7. d3 e6 8. Nf3
Be7 9. O-O O-O 10. Rb1 Nd7 11. c4 e5 12. Bd2 f4 13. e3 fxg3 14. fxg3 e4 15. dxe4
Nf6 16. Qc2 Nxe4 17. Qxe4 Bf5 18. Qxb7 Bxb1 19. Qxb1 Rb8 20. Qc2 Bg5 21. Nxg5
Qxg5 22. Bd5+ Kh8 23. e4 Rf2 24. Rxf2 Qe5 25. Bf4 Qa1+ 26. Kg2 Rb1 27. Be5 Rg1+
28. Kh3 Qxe5 29. Rf8# {Black checkmated} 1-0

[Event "Team 45 45 League T75"]
[Site "Internet Chess Club"]
[Date "2018.01.17"]
[Round "5"]
[White "Ticktockman"]
[Black "pita"]
[Result "0-1"]
[WhiteElo "1120"]
[BlackElo "1112"]
[Opening "Polish: Outflank variation"]
[ECO "A00"]
[Time "11:00:44"]
[TimeControl "2700+45"]

1. b4 c6 2. Bb2 Nf6 3. Bxf6 exf6 4. c3 d5 5. d4 a5 6. bxa5 Qxa5 7. a4 b5 8. Nd2
bxa4 9. Qc2 a3 10. Nb3 Bf5 11. Qxf5 Qxc3+ 12. Nd2 Qxa1+ 13. Qb1 Qxb1+ 14. Nxb1
{White resigns} 0-1